 Dungeon Crawl Stone Soup version 0.17.0-23-g0de4337 (webtiles) character file.

405 TruthSerum the Ruffian (level 6, -7/91 HPs)
             Began as a Troll Monk on Nov 15, 2015.
             Killed by divine providence
             ... invoked by an orc priest
              (11 damage)
             ... on level 4 of the Dungeon.
             The game lasted 00:09:12 (2402 turns).

TruthSerum the Ruffian (Troll Monk)                 Turns: 2402, Time: 00:09:13

Health: -7/91      AC: 23    Str: 20    XL:     6   Next: 56%
Magic:  5/5        EV:  1    Int:  6    God:
Gold:   154        SH:  0    Dex: 14    Spells: 0 memorised, 5 levels left

rFire  . . .     SeeInvis .       - Unarmed
rCold  . . .     Clarity  .     (armour currently unavailable)
rNeg   + + +     SustAt   .     (no shield)
rPois  +         Gourm    +     (helmet currently unavailable)
rElec  .         Spirit   .     (cloak currently unavailable)
rCorr  .         Warding  .     (gloves unavailable)
rMut   .         NoTele   +     (boots unavailable)
MR     .....                    (no amulet)
Stlth  ++........               (no ring)
                                z - ring of wizardry

@: tree-form, not resistant to hostile enchantments, unstealthy
A: unfitting armour, (claws 0), fast metabolism 3, gourmand, regeneration 2,
(shaggy fur 0), (tough skin 0)
a: no special abilities


You were on level 4 of the Dungeon.
You were very full.
You were a tree.
You visited 1 branch of the dungeon, and saw 4 of its levels.

You collected 154 gold pieces.

Inventory:

Armour
 a - a +0 robe (melded)
Jewellery
 z - a ring of wizardry (left branch)
Wands
 r - a wand of slowing (25)
 y - a wand of draining (7)
Scrolls
 c - 5 scrolls of remove curse {unknown}
 e - a scroll of teleportation {unknown}
 g - 3 scrolls of fog {unknown}
 h - 2 scrolls of fear {unknown}
 i - a scroll of enchant armour {unknown}
 k - 5 scrolls of identify {unknown}
 m - a scroll of recharging {unknown}
 q - 4 scrolls of magic mapping {unknown}
 s - a scroll of random uselessness {unknown}
 u - a scroll of blinking {unknown}
Potions
 d - 2 potions of degeneration {unknown}
 j - a potion of heal wounds {unknown}
 l - a potion of agility {unknown}
 n - a potion of curing {unknown}
 p - a potion of invisibility {unknown}
 v - a potion of magic {unknown}
 w - a potion of haste {unknown}
 x - a potion of poison {unknown}
Comestibles
 b - 3 bread rations
 o - 2 beef jerkies
 t - 4 meat rations


   Skills:
 + Level 3.6 Fighting
 + Level 3.7 Dodging
 - Level 1.1 Stealth
 * Level 6.3 Unarmed Combat


You had 5 spell levels left.
You didn't know any spells.

Dungeon Overview and Level Annotations

Branches:
Dungeon (4/15)
 Temple: D:4-7

Altars:
Cheibriados
Kikubaaqudgha
Trog


Innate Abilities, Weirdness & Mutations

You are too large for most types of armour.
((You have claws for hands.))
Your metabolism is lightning-fast.
You like to eat raw meat.
You heal very quickly.
((You are covered in fur (AC +1).))
((You have very tough skin (AC +2).))


Message History

It was a potion of lignification.
You turn into a tree.
Your +0 robe melds into your body.
Your roots penetrate the ground.
The hound bites you but does no damage. x2
You barely miss the hound. Your punch misses the hound.
The hound is lightly wounded.
The hound bites you but does no damage.
You smack the hound!
You kill the hound!
You hit the orc.
The orc is moderately wounded.
The orc hits you but does no damage.
You smack the orc!
You kill the orc!
You pummel the orc!!
You kill the orc!
The orc priest calls down the wrath of Beogh upon you.
You are unaffected.
The orc priest calls down the wrath of Beogh upon you.
Something smites you!
You die...

...........#
....)......#
...........#
...........# ........o.#
...#...$w####### ####oo#
#...# ##)# #...#
####♣###...##
#.....<.....#
#########.#####........#
#####.......(.#
##...#####
.....>######### #...#
####### #.### ###


You could see a worm, 2 orc priests and an orc.

Vanquished Creatures
  Edmund (D:4)
  A phantom (D:4)
  A hound (D:4)
  A worker ant (D:4)
  5 adders
  A gnoll (D:2)
  6 worms
  A giant gecko (D:2)
  4 orcs
  9 bats
  3 giant cockroaches
  12 goblins
  10 hobgoblins
  2 kobolds
  A quokka (D:4)
  A ball python (D:2)
  2 giant newts
  6 jackals
  5 rats
72 creatures vanquished.

Notes
Turn   | Place    | Note
--------------------------------------------------------------
     0 | D:1      | TruthSerum the Troll Monk began the quest for the Orb.
     0 | D:1      | Reached XP level 1. HP: 22/22 MP: 0/0
   183 | D:1      | Reached XP level 2. HP: 23/29 MP: 1/1
   862 | D:2      | Reached XP level 3. HP: 36/36 MP: 2/2
   974 | D:2      | Found a faded altar to an unknown god.
  1084 | D:2      | Found a snail-covered altar of Cheibriados.
  1094 | D:2      | Reached XP level 4. HP: 40/45 MP: 3/3
  1550 | D:3      | Reached skill level 5 in Unarmed Combat
  1722 | D:3      | Found a snail-covered altar of Cheibriados.
  1818 | D:3      | Found an ancient bone altar of Kikubaaqudgha.
  2125 | D:4      | Reached XP level 5. HP: 48/53 MP: 4/4
  2183 | D:4      | Noticed Edmund
  2199 | D:4      | Killed Edmund
  2199 | D:4      | Reached XP level 6. HP: 5/61 MP: 5/5
  2303 | D:4      | Found a bloodstained altar of Trog.
  2303 | D:4      | Noticed a phantom
  2311 | D:4      | Killed a phantom
  2311 | D:4      | Reached skill level 6 in Unarmed Combat
  2396 | D:4      | HP: 1/61 [hound (6)]
  2402 | D:4      | Killed from afar by an orc priest

Action                   |  1- 3 |  4- 6 || total
-------------------------+-------+-------++-------
Melee: Unarmed           |    87 |    89 ||   176
  Use: Potion            |       |     1 ||     1
 Stab: Sleeping          |     2 |     4 ||     6
  Eat: Chunk             |    15 |    11 ||    26
